 Dungeon Crawl Stone Soup version 0.31.0-32-g396128a36d (webtiles) character file.

Game seed: 6098078845061681595

111920 imdaedric the Warrior (level 16, -1/162 HPs)
             Began as a Minotaur Fighter on Apr 24, 2024.
             Was an Initiate of Gozag.
             Slain by an eleionoma (13 damage)
             ... on level 1 of the Swamp on Apr 25, 2024.
             The game lasted 00:45:03 (24018 turns).

imdaedric the Warrior (Minotaur Fighter)           Turns: 24018, Time: 00:45:03

Health: -1/162     AC: 21    Str: 37    XL:     16   Next: 10%
Magic:  15/15      EV:  8    Int:  8    God:    Gozag
Gold:   4097       SH: 19    Dex: 11    Spells: 15/15 levels left

rFire   x . .        a - +7 broad axe (heavy)
rCold   + + .        l - +6 kite shield of Fortification {rN+ Int+3}
rNeg    + . .        s - +0 plate armour
rPois   +            q - +0 hat {Stlth+}
rElec   .            K - scarf {harm}
rCorr   .            p - +2 pair of gloves {Str+3}
SInv    .            (no boots)
Will    ++...        V - amulet of Vitality {RegenMP++ Regen++} Stlth
                     v - ring of willpower
HPRegen 2.07/turn    w - ring "Axteri Duoro" {rPois rF- rC++ Str+6}
MPRegen 0.94/turn

%: harm (+30% outgoing, +20% incoming)
@: gold aura, very slow
A: horns 2, retaliatory headbutt
a: Renounce Religion, Potion Petition, Call Merchant, Bribe Branch


You were on level 1 of the Swamp.
You worshipped Gozag.
Gozag was most pleased with you.
You visited 4 branches of the dungeon, and saw 23 of its levels.
You visited the Abyss 1 time.
You also visited: Sewer.

You collected 9366 gold pieces.
You spent 2524 gold pieces at shops.
You paid 2745 gold pieces to Gozag.

Inventory:

Hand Weapons
 a - a +7 heavy broad axe (weapon)
 b - a +2 hand axe of flaming
 o - a +3 demon trident
 t - a +3 battleaxe of flaming
Missiles
 f - 44 poisoned darts (quivered)
 B - 6 atropa-tipped darts
 D - 5 curare-tipped darts
 G - 2 throwing nets
Armour
 l - the +6 kite shield of Fortification (worn) {rN+ Int+3}
   (You bought it in a shop on level 2 of the Dungeon)

   Int+3:     It affects your intelligence (+3).
   rN+:       It protects you from negative energy.
 p - a +2 pair of gloves of strength (worn)
 q - a +0 hat of stealth (worn)
 s - a +0 plate armour (worn)
 K - a scarf of harm (worn)
 R - a +0 cloak
Jewellery
 j - a ring of protection from fire
 k - an amulet of reflection
 v - a ring of willpower (left hand)
 w - the ring "Axteri Duoro" (right hand) {rPois rF- rC++ Str+6}
   (You acquired it on level 3 of the Lair of Beasts)

   [ring of strength]

   Str+6:     It affects your strength (+6).
   rF-:       It makes you vulnerable to fire.
   rC++:      It greatly protects you from cold.
   rPois:     It protects you from poison
 V - the amulet of Vitality (around neck) {RegenMP++ Regen++}
   (You bought it in a shop on level 10 of the Dungeon)

   [amulet of magic regeneration]

   RegenMP:   It increases your rate of magic regeneration.
   Regen++:   It increases your rate of health regeneration.
Wands
 h - a wand of polymorph (5)
 y - a wand of roots (3)
 H - a wand of flame (7)
 T - a wand of digging (9)
Scrolls
 d - a scroll of enchant armour
 g - 8 scrolls of teleportation
 r - 5 scrolls of revelation
 z - 7 scrolls of identify
 E - 3 scrolls of amnesia
 F - 6 scrolls of fog
 I - 2 scrolls of silence
 J - a scroll of vulnerability
 Q - 3 scrolls of blinking
 X - a scroll of fear
Potions
 c - 8 potions of lignification
 e - a potion of mutation
 i - 9 potions of curing
 m - 3 potions of cancellation
 n - a potion of brilliance
 u - 2 potions of invisibility
 x - 5 potions of enlightenment
 A - 5 potions of haste
 C - 5 potions of might
 M - 11 potions of ambrosia
 N - 5 potions of heal wounds
 O - a potion of resistance
 S - 2 potions of berserk rage
Miscellaneous
 L - a condenser vane


   Skills:
 + Level 19.8 Fighting
 + Level 16.3 Axes
 - Level 11.3 Throwing
 + Level 16.4 Armour
 + Level 16.4 Shields
 + Level 4.2 Evocations


You had 15 spell levels left.
You didn't know any spells.
Your spell library contained the following spells:

 Spells                   Type           Power      Damage    Failure   Level
 Summon Small Mammal      Summ           0%         N/A       90%         1
 Cigotuvi's Dreadful Rot  Necr/Alch/Air  0%         N/A       97%         2
 Sublimation of Blood     Necr           0%         N/A       97%         2
 Call Canine Familiar     Summ           0%         N/A       99%         3
 Dazzling Flash           Conj/Hex       0%         N/A       99%         3
 Mephitic Cloud           Conj/Alch/Air  0%         N/A       99%         3
 Ozocubu's Armour         Ice            0%         N/A       99%         3
 Sigil of Binding         Hex            0%         N/A       99%         3
 Dimensional Bullseye     Hex/Tloc       0%         N/A       100%        4
 Dispel Undead            Necr           0%         3d6       100%        4
 Ignite Poison            Fire/Alch      0%         N/A       100%        4
 Martyr's Knell           Necr/Summ      0%         N/A       100%        4
 Petrify                  Alch/Erth      0%         N/A       100%        4
 Summon Blazeheart Golem  Fire/Summ      0%         N/A       100%        4
 Curse of Agony           Necr           0%         N/A       100%        5
 Freezing Cloud           Conj/Ice/Air   0%         6-21      100%        5
 Irradiate                Conj/Alch      0%         3d11      100%        5
 Metabolic Englaciation   Hex/Ice        0%         N/A       100%        5
 Silence                  Hex/Air        0%         N/A       100%        5
 Death Channel            Necr           0%         N/A       100%        6
 Sculpt Simulacrum        Ice/Alch       0%         N/A       100%        6


Dungeon Overview and Level Annotations

Branches:
Dungeon (15/15)            Temple (0/1) D:5            Lair (5/5) D:8
  Swamp (1/4) Lair:2       Spider (0/4) Lair:2        Slime (0/5) Lair:5
    Orc (2/2) D:9             Elf (0/3) Orc:2        Vaults (0/5) D:14
 Depths (0/4) D:15          Sewer (visited)

Altars:
Elyvilon
Gozag
Sif Muna
Xom

Shops:
D:2 =[:**   D:4 !   D:10 [=   Orc:2 :!*(


Innate Abilities, Weirdness & Mutations

You have a pair of horns on your head.
You reflexively headbutt those who attack you in melee.


Message History

Your unstable footing causes you to fumble your attack.
Branches wave dangerously above you. A root smacks you from below!
The eleionoma is distracted by your dazzling golden aura.
You block the spriggan druid's attack. The +4 spectral quarterstaff hits you.
The spriggan rider hits you with a +0 spear!!
You are too injured to fight recklessly!
You are too injured to fight recklessly!
You are too injured to fight recklessly!
Unknown command.
Your unstable footing causes you to fumble your attack.
A root smacks you from below!
The spriggan druid completely misses you.
The +4 spectral quarterstaff barely misses you.
The spriggan rider hits you with a +0 spear!
You miss the spriggan druid. You headbutt the spriggan druid!!
The spriggan druid is heavily wounded.
You closely miss the spriggan rider.
You barely miss the +4 spectral quarterstaff.
A root smacks you from below! x2
* * * LOW HITPOINT WARNING * * *
The eleionoma is no longer distracted by gold.
You block the spriggan druid's attack. The +4 spectral quarterstaff hits you.
* * * LOW HITPOINT WARNING * * *
The spriggan rider hits you but does no damage.
The eleionoma flows through the trees.
You block the spriggan rider's attack.
The spriggan druid is distracted by your dazzling golden aura.
As you read the scroll of fear, it crumbles to dust.
You assume a fearsome visage.
The +4 spectral quarterstaff is unaffected.
The spriggan rider looks frightened!
The spriggan druid shouts!
The spriggan druid resists with almost no effort.
The eleionoma resists with almost no effort.
A tree reaches out and hits you!
* * * LOW HITPOINT WARNING * * *
The +4 spectral quarterstaff disappears.
The eleionoma hits you!
You die...
Your body crumbles into a pile of gold.

♣♣~~~.~~§....♣♣
♣~~♣♣......~~~♣
♣♣~§~~~.....§~.♣
♣~~~~~..~~~...^♣
♣♣......~~.§♣~~♣
♣♣~.§~~.~.♣♣♣♣♣
♣..~~^.).♣
♣♣..~~i...♣
♣♣~..~~@.♣♣♣
♣~..~~Ri♣♣
♣♣.....♣♣ ♣♣~~§.
...~~.. .......
♣~♣~..§ ♣♣♣♣♣♣♣


You could see an eleionoma, a spriggan rider (fleeing) and a spriggan druid.

Vanquished Creatures
  Rupert (D:15)
  Gastronok (D:11)
  An orc warlord (Orc:2)
  An ironbound preserver (D:14)
  The ghost of Urxehl the Thaumaturge, a journeyman DsEE of Dithmenos (D:12)
  Azrael (D:14)
  2 ettins
  2 rakshasas (D:15)
  A great orb of eyes (D:15)
  Harold (Lair:1)
  6 hydras
  4 centaur warriors
  6 boulder beetles
  6 two-headed ogres
  A tengu warrior (D:15)
  Urug (Lair:5)
  3 death yaks (D:7)
  An orc high priest (Orc:2)
  Sonja (Lair:4)
  A skyshark (Lair:5)
  A goliath frog (Lair:5)
  The ghost of PaiMei the Reanimator, a novice DsNe (D:8)
  A skeletal warrior (D:9)
  A swamp dragon (Lair:2)
  A bog body (Swamp:1)
  An arcanist (D:13)
  15 orc knights
  22 ugly things
  4 orc sorcerers
  2 meliai
  A manticore (shapeshifter) (D:15)
  3 manticores
  9 cyclopes
  15 slime creatures
  4 black mambas
  20 elephants
  A black mamba (shapeshifter) (D:14)
  A torpor snail (Lair:1)
  18 cane toads
  A kobold demonologist (D:14)
  3 unseen horrors
  14 komodo dragons
  3 rime drakes
  2 efreet
  A queen bee (shapeshifter) (D:13)
  5 trolls
  A queen bee (Lair:3)
  3 tyrant leeches
  Grinder (D:6)
  18 blink frogs
  A hornet (D:12)
  5 polar bears
  2 dream sheep (Lair:1)
  3 wraiths
  A yak (shapeshifter) (D:15)
  3 spriggans (D:12)
  3 wyverns
  67 yaks
  2 shadows
  A fire elemental (D:14)
  5 steam dragons
  10 wargs
  12 vampire mosquitoes
  3 basilisks
  Menkaure (D:4)
  4 hell hounds (D:14)
  An acid dragon (D:13)
  13 water moccasins
  An ice beast (D:7)
  37 orc warriors
  2 laughing skulls (D:13)
  2 sky beasts
  4 black bears
  4 ogres
  6 boggarts
  3 wolves (Lair:1)
  13 centaurs
  4 kobold brigands
  21 bullfrogs
  A gnoll sergeant (D:9)
  2 scorpions (D:6)
  6 wights
  43 killer bees
  4 electric eels
  6 howler monkeys
  12 orc priests
  2 hounds
  5 jellies
  A gnoll bouda (D:8)
  2 iguanas
  A sleepcap (D:6)
  Jessica (D:3)
  38 orc wizards
  5 hell rats (Lair:2)
  11 gnolls
  7 adders
  2 river rats (Sewer)
  A white imp (D:5)
  6 dart slugs
  4 ribbon worms
  90 orcs
  7 endoplasms
  11 giant cockroaches
  6 hobgoblins
  4 jackals
  4 quokkas (D:6)
  6 ball pythons
  3 bats
  5 goblins
  25 kobolds
  12 rats
782 creatures vanquished.

Notes
Turn   | Place    | Note
-------+----------+-------------------------------------------
     0 | D:1      | imdaedric the Minotaur Fighter began the quest for the Orb.
     0 | D:1      | Reached XP level 1. HP: 19/19 MP: 0/0
   173 | D:1      | Reached XP level 2. HP: 27/27 MP: 1/1
   344 | D:1      | Reached skill level 4 in Fighting
   835 | D:2      | Found Miestraa's General Store.
   936 | D:2      | Found Qoiqugo's Jewellery Boutique.
   966 | D:2      | You fall into a shaft and drop 1 floor!
   984 | D:3      | Reached XP level 3. HP: 33/33 MP: 2/2
  1116 | D:3      | Found an opulent altar of Gozag.
  1227 | D:3      | Became a worshipper of Gozag Ym Sagoz the Greedy
  1275 | D:2      | Reached XP level 4. HP: 34/41 MP: 3/3
  1314 | D:2      | Found Bategel's Assorted Antiques.
  1417 | D:2      | Found a faded altar of an unknown god.
  1735 | D:2      | Found Teiggaum's Antique Armour Emporium.
  1962 | D:2      | Bought an ichor-stained kite shield for 171 gold pieces
  1962 | D:2      | Identified the +6 kite shield of Fortification {rN+ Int+3}
                  | (You bought it in a shop on level 2 of the Dungeon)
  2133 | D:2      | Found Jijas's Book Emporium.
  2475 | D:3      | Identified the +1 robe of Jemumuir {rC+ Will++ rCorr Str-4}
  2503 | D:3      | Reached XP level 5. HP: 36/47 MP: 4/4
  2741 | D:3      | Noticed Jessica
  2964 | D:3      | Killed Jessica
  3046 | D:3      | Found a shimmering blue altar of Sif Muna.
  3234 | D:4      | Noticed Menkaure
  3243 | D:4      | Killed Menkaure
  3244 | D:4      | Reached skill level 5 in Fighting
  3244 | D:4      | Reached skill level 5 in Armour
  3244 | D:4      | Reached skill level 5 in Shields
  3244 | D:4      | Reached XP level 6. HP: 51/56 MP: 5/5
  3367 | D:4      | Found Siaplom's Distillery.
  3939 | D:5      | Entered Level 5 of the Dungeon
  4005 | D:5      | Found a staircase to the Ecumenical Temple.
  4281 | D:5      | Noticed a water moccasin
  4296 | D:5      | Killed a water moccasin
  4297 | D:5      | Reached skill level 5 in Axes
  4297 | D:5      | Reached XP level 7. HP: 30/62 MP: 6/6
  4672 | D:6      | Identified a scroll of acquirement
  4672 | D:6      | Acquired a manual of Fighting
  4710 | D:6      | Reached skill level 6 in Fighting
  4917 | D:6      | Noticed Grinder
  4919 | D:6      | Paralysed by Grinder for 4 turns
  5079 | D:6      | Killed Grinder
  5080 | D:6      | Reached skill level 7 in Fighting
  5080 | D:6      | Reached XP level 8. HP: 73/73 MP: 7/7
  5315 | D:6      | Found a glowing drain.
  5332 | Sewer    | Entered a sewer
  5498 | Sewer    | Found a glowing silver altar of Zin.
  5662 | D:7      | Reached skill level 8 in Fighting
  5897 | D:7      | Reached skill level 9 in Fighting
  6007 | D:7      | Reached XP level 9. HP: 84/84 MP: 8/8
  6078 | D:7      | Reached skill level 10 in Fighting
  6212 | D:7      | Reached skill level 1 in Throwing
  6445 | D:8      | Noticed a death yak
  6447 | D:8      | Noticed a death yak
  6450 | D:8      | Noticed a death yak
  6782 | D:8      | Found a staircase to the Lair.
  7022 | D:8      | Reached skill level 11 in Fighting
  7087 | D:8      | Found a runed translucent gate.
  7087 | D:8      | Found a runed translucent gate.
  7087 | D:8      | Found a runed translucent gate.
  7088 | D:8      | Noticed PaiMei's ghost (novice DsNe)
  7088 | D:8      | Noticed a ten-headed hydra
  7088 | D:8      | Noticed a nine-headed hydra
  7626 | D:8      | Killed PaiMei's ghost
  7627 | D:8      | Reached XP level 10. HP: 50/96 MP: 9/9
  8391 | D:7      | Killed a death yak
  8542 | D:7      | Killed a death yak
  8543 | D:7      | Reached skill level 12 in Fighting
  8549 | D:7      | Killed a death yak
  8920 | D:8      | Reached skill level 10 in Shields
  8931 | D:8      | Noticed a two-headed ogre
  8932 | D:8      | Noticed a purple ugly thing
  9243 | D:9      | Reached skill level 10 in Armour
  9262 | D:9      | Found a staircase to the Orcish Mines.
  9337 | D:9      | Reached skill level 13 in Fighting
  9341 | D:9      | Reached skill level 10 in Axes
  9341 | D:9      | Reached skill level 5 in Throwing
  9348 | D:9      | Reached XP level 11. HP: 95/107 MP: 10/10
  9350 | D:9      | Noticed a skeletal warrior
  9360 | D:9      | Killed a skeletal warrior
 10143 | Lair:1   | Entered Level 1 of the Lair of Beasts
 10214 | Lair:1   | Reached skill level 14 in Fighting
 10945 | Lair:1   | Noticed Harold
 10958 | Lair:1   | Killed Harold
 10959 | Lair:1   | Reached skill level 15 in Fighting
 10959 | Lair:1   | Reached XP level 12. HP: 119/119 MP: 11/11
 11629 | D:2      | Bought a scroll of identify for 20 gold pieces
 11629 | D:2      | Bought a potion of haste for 100 gold pieces
 11629 | D:2      | Bought a scroll of enchant weapon for 75 gold pieces
 11654 | D:2      | Bought a scroll of teleportation for 90 gold pieces
 11654 | D:2      | Bought a scroll labelled VIRAPP ZUSU for 30 gold pieces
 11654 | D:2      | Bought an iron ring for 150 gold pieces
 11710 | D:4      | Bought a potion of curing for 39 gold pieces
 11710 | D:4      | Bought a potion of berserk rage for 65 gold pieces
 12271 | Lair:2   | Noticed a boulder beetle
 12311 | Lair:2   | Killed a boulder beetle
 12377 | Lair:2   | Reached skill level 16 in Fighting
 12446 | Lair:2   | Identified the +0 ring mail "Cugul" {Fly Int+3 Dex+5
                  | Slay+3}
 12807 | Lair:2   | Found a staircase to the Swamp.
 12818 | Lair:2   | HP: 6/124 [poisoned by a swamp dragon (poison gas)]
 13065 | Lair:2   | Found a hole to the Spider Nest.
 13363 | Lair:3   | Acquired the ring "Axteri Duoro" {rPois rF- rC++ Str+6}
 13410 | Lair:3   | Noticed a four-headed hydra
 13488 | Lair:2   | Killed a one-headed hydra
 13950 | Lair:3   | Reached XP level 13. HP: 130/130 MP: 12/12
 14518 | Lair:4   | Noticed Sonja
 14524 | Lair:4   | Reached skill level 17 in Fighting
 14524 | Lair:4   | Paralysed by Sonja for 5 turns
 14689 | Abyss:2  | Cast into level 2 of the Abyss (Sonja)
 14692 | Abyss:2  | Found a candlelit altar of Ignis.
 14694 | Abyss:2  | Found a shimmering blue altar of Sif Muna.
 14710 | Lair:4   | Escaped the Abyss
 14723 | Lair:4   | Killed Sonja
 15436 | Lair:5   | Entered Level 5 of the Lair of Beasts
 15563 | Lair:5   | Noticed Urug
 15566 | Lair:5   | Paralysed by Urug for 3 turns
 15750 | Lair:5   | Killed Urug
 15856 | Lair:5   | Found a staircase to the Slime Pits.
 15932 | Lair:5   | Reached skill level 18 in Fighting
 15996 | Lair:5   | Reached XP level 14. HP: 137/143 MP: 13/13
 16249 | Lair:5   | Reached skill level 10 in Throwing
 16565 | Lair:5   | Identified the +7 flail "Xom's Best Wishes" {drain, rElec
                  | rPois}
 17556 | D:10     | Entered Level 10 of the Dungeon
 18029 | D:10     | Found a shimmering altar of Xom.
 18138 | D:10     | Bought the amulet of Vitality {RegenMP++ Regen++} for 1500
                  | gold pieces
 18138 | D:10     | Found the amulet of Vitality {RegenMP++ Regen++}
 18319 | D:11     | Noticed Gastronok
 18329 | D:11     | Killed Gastronok
 19401 | D:12     | Found a runed translucent door.
 19403 | D:12     | Noticed Urxehl's ghost (journeyman DsEE)
 19404 | D:12     | Identified the +0 spear of the Wizarding Viper {elec, rPois
                  | rN++}
 19488 | D:12     | Killed Urxehl's ghost
 19496 | D:12     | Reached skill level 15 in Armour
 19499 | D:12     | Reached skill level 15 in Shields
 19994 | D:13     | Found a white marble altar of Elyvilon.
 20211 | D:14     | Reached skill level 15 in Axes
 20285 | D:14     | Reached XP level 15. HP: 128/151 MP: 14/14
 20307 | D:14     | Found a gate to the Vaults.
 20333 | D:14     | Reached skill level 19 in Fighting
 21107 | D:14     | Noticed Azrael
 21115 | D:14     | Killed Azrael
 21239 | D:15     | Entered Level 15 of the Dungeon
 21248 | D:15     | Noticed Rupert
 21260 | D:15     | Killed Rupert
 21261 | D:15     | Reached skill level 1 in Evocations
 21436 | D:15     | Found a staircase to the Depths.
 22232 | Orc:1    | Entered Level 1 of the Orcish Mines
 22572 | Orc:2    | Entered Level 2 of the Orcish Mines
 23100 | Orc:2    | Reached XP level 16. HP: 149/162 MP: 15/15
 23151 | Orc:2    | Found Gurhaastrac's Book Boutique.
 23224 | Orc:2    | Found a staircase to the Elven Halls.
 23468 | Orc:2    | Found Huizua's Distillery.
 23476 | Orc:2    | Bought a potion of haste for 130 gold pieces
 23476 | Orc:2    | Bought a potion of might for 52 gold pieces
 23542 | Orc:2    | Found Sarish's General Store.
 23568 | Orc:2    | Bought a potion of curing for 51 gold pieces
 23568 | Orc:2    | Bought a potion of curing for 51 gold pieces
 23925 | Swamp:1  | Entered Level 1 of the Swamp
 24018 | Swamp:1  | Slain by an eleionoma

Illustrated notes

Levels and vault maps discovered:
D:1:      elethiomel_arrival_diamonds, layout_loops_ring
D:2:      layout_basic, serial_shops, nicolae_shop_advertising_works
          [nicolae_subvault_shop_adworks], nicolae_diamond_shop, shop,
          nicolae_shop_back_alley_shop, nicolae_shop_hallway_plus,
          hellmonk_ecumenical_altar_inner_sanctum, minmay_misc_feat_diagonals,
          minmay_fractal_squares_gapless_5
D:3:      layout_basic, mainiacjoe_overflow_six_doors_small, tgw_sif
D:4:      layout_gridville, serial_shops, nicolae_shop_industrial_runoff,
          hex_medium, uniq_menkaure
D:5:      layout_basic, minmay_temple_entry_overgrown
D:6:      layout_loops_ring, gup_sewer_entry_pipe, hex_tiny, minivault_23,
          sigmund_army, uniq_grinder
D:7:      layout_gridville
D:8:      minmay_chambers_of_sevens, layout_cave_pools, dpeg_lair_monsters,
          gammafunk_ghost_hydra_chop
D:9:      layout_irregular_city, david_orc_2, hangedman_minor_gate_pass
D:10:     layout_irregular_city, kennysheep_mini
D:11:     kennysheep_ambush_hall, layout_irregular_city, uniq_gastronok
D:12:     layout_roguey, ebering_ghost_funeral_grove, minmay_misc_feat_tiny
D:13:     layout_loops_ring, elyvilon_altar_3
D:14:     layout_long_grid, skrybe_vaults_entry_preservation, kennysheep_path_1,
          uniq_azrael
D:15:     gammafunk_enter_depths_forms, layout_loops_ring, uniq_rupert
Lair:1:   layout_small_grid, grunt_megastairs_5, wad_woods_river_01,
          infiniplex_staircase_pool_2, serial_bayou_shore_a, uniq_harold
Lair:2:   layout_long_grid, mainiacjoe_swamp_entry_lozenge_pond,
          hellmonk_spider_entry_not_the_bees
Lair:3:   layout_cave_pods, special_room [special_room_bee]
Lair:4:   layout_roguey, bh_autumn_forest_stairs, uniq_sonja
Lair:5:   minmay_lair_end_frog_pond, layout_hall_layers, slime_entry_2,
          uniq_urug
Swamp:1:  layout_basic_swamp, nicolae_swamp_little_swirl
Orc:1:    layout_caves, dreamdust_deal_with_the_devil
Orc:2:    st_orc_town, layout_diamond_mine, lightli_church_of_beogh

Skill      XL: |  1  2  3  4  5  6  7  8  9 10 11 12 13 14 15 16 |
---------------+-------------------------------------------------+-----
Fighting       | 4 5 7 9 11 13 15 16 18 19 | 19.8
Axes           | 3 4 5 6 7 8 10 11 12 13 15 16 | 16.3
Shields        | 4 5 6 7 9 10 11 12 14 15 16 | 16.4
Armour         | 4 5 6 7 9 10 11 12 14 15 16 | 16.4
Throwing       | 3 5 6 8 9 11 | 11.3
Evocations     | 3 4 |  4.2

Action                     |  1- 3 |  4- 6 |  7- 9 | 10-12 | 13-15 | 16-18 || total
---------------------------+-------+-------+-------+-------+-------+-------++-------
  Melee: War axe           |    58 |   110 |   297 |   488 |       |       ||   953
         Headbutt          |     6 |    16 |    46 |   121 |   143 |    11 ||   343
         Broad axe         |       |       |       |    48 |   731 |    67 ||   846
         Hand axe          |       |       |       |     4 |    37 |       ||    41
         Battleaxe         |       |       |       |       |       |     4 ||     4
  Throw: Dart              |       |       |       |       |     8 |       ||     8
         Throwing net      |       |       |       |       |     2 |       ||     2
 Invoke: Call Merchant     |       |       |       |       |     2 |     1 ||     3
         Potion Petition   |       |       |       |       |     1 |       ||     1
    Use: Scroll            |     2 |     5 |     8 |    13 |     9 |     1 ||    38
         Potion            |       |     2 |     5 |     5 |     1 |       ||    13
   Stab: Distracted        |       |       |     1 |     1 |    11 |     1 ||    14
 Armour: Scale mail        |    36 |    49 |       |       |       |       ||    85
         Plate armour      |       |    16 |   191 |   376 |   606 |    46 ||  1235
  Dodge: Dodged            |    37 |    32 |    36 |    99 |   177 |     6 ||   387
  Block: Buckler           |    12 |    10 |       |       |       |       ||    22
         Kite shield       |       |    76 |   280 |   567 |   831 |    43 ||  1797
